 Dungeon Crawl Stone Soup version 0.17-a0-430-g8a98999 (webtiles) character file.

35 Kisielow the Conjurer (level 3, 0/19 HPs)
             Began as a Deep Elf Conjurer on Apr 4, 2015.
             Slain by a hobgoblin
             ... wielding a +0 mace
              (5 damage)
             ... on level 1 of the Dungeon.
             The game lasted 00:03:33 (1039 turns).

Kisielow the Conjurer (Deep Elf Conjurer)           Turns: 1039, Time: 00:03:34

Health: 0/19       AC:  2    Str:  6    XL:     3   Next: 17%
Magic:  0/8        EV: 13    Int: 19    God:
Gold:   44         SH:  0    Dex: 15    Spells: 2 memorised, 5 levels left

rFire  . . .     SeeInvis .     g - +0 mace
rCold  . . .     Clarity  .     a - +0 robe
rNeg   . . .     SustAb   .     (no shield)
rPois  .         Gourm    .     (no helmet)
rElec  .         Spirit   .     (no cloak)
rCorr  .         Warding  .     (no gloves)
rMut   .         Stasis   .     (no boots)
MR     .....                    (no amulet)
Stlth  ++........               (no ring)
                                (no ring)

@: not resistant to hostile enchantments, unstealthy
A: no striking features
a: no special abilities


You were on level 1 of the Dungeon.
You were not hungry.

You visited 1 branch of the dungeon, and saw 2 of its levels.

You collected 44 gold pieces.

Inventory:

Hand weapons
 g - a +0 mace (weapon)
Armour
 a - a +0 robe (worn)
Scrolls
 e - a scroll of identify {unknown}
 f - a scroll of remove curse {unknown}
Potions
 d - 2 potions of haste {unknown}
 i - a potion of cancellation {unknown}
Books
 c - a book of Conjurations

   Spells                             Type                      Level
   a - Magic Dart                     Conjuration                  1
   b - Searing Ray                    Conjuration                  2
   c - Dazzling Spray                 Conjuration/Hexes            3
   d - Fulminant Prism                Conjuration/Hexes            4
   e - Iskenderun's Mystic Blast      Conjuration                  4
   f - Iskenderun's Battlesphere      Conjuration/Charms           5
Comestibles
 b - a bread ration


   Skills:
 - Level 2.4 Dodging
 - Level 2.4 Stealth
 - Level 3.0 Spellcasting
 * Level 5.5 Conjurations


You had 5 spell levels left.
You knew the following spells:

 Your Spells              Type           Power        Failure   Level  Hunger
a - Magic Dart            Conj           ###.         1%          1    None
b - Searing Ray           Conj           ###...       2%          2    ##.....


Dungeon Overview and Level Annotations

Branches:
Dungeon (2/15)

Altars:


Message History

Confirm with . or Enter, or press ? or * to list all spells.
Aiming: Magic Dart
Press: ? - help, Shift-Dir - straight line, f/p - hobgoblin
Aim: a hobgoblin, wielding a mace and wearing a ring mail The magic dart hits the hobgoblin.
The hobgoblin is moderately wounded.
Casting: Magic Dart
Confirm with . or Enter, or press ? or * to list all spells.
You don't have enough magic to cast that spell.
Unknown command.
You see here a club.
Casting: Magic Dart
Confirm with . or Enter, or press ? or * to list all spells.
Aiming: Magic Dart
Press: ? - help, Shift-Dir - straight line, f/p - hobgoblin
Aim: a hobgoblin, wielding a mace and wearing a ring mail (moderately wounded)
The magic dart hits the hobgoblin.
The hobgoblin is severely wounded.
The hobgoblin hits you with a mace.
You die...

#.....#.#.####.#####
##.....#.#..........#
...###...######.###.#
##).# .### #..##.#
###.######### ##.##.#
#...).......# #.##.#
#...........# #.##.###
#.#..#..#...# #.##)..#
+..§........# #@####.#
#.8........<# #g# #.#
+..≈†.......# ##.## #.#
#.#..#..#...###...###.#
#...........##.)...##.##.#
#...........#............#
###.##########....>##.####
##.# #..........# #..#
#)##..######


You could see a hobgoblin.

Vanquished Creatures
  A gnoll (D:1)
  A ball python (D:1)
  2 giant cockroaches (D:1)
  4 hobgoblins (D:1)
  A bat (D:1)
  A giant gecko (D:1)
  3 giant newts (D:1)
  3 goblins (D:1)
  5 kobolds (D:1)
  3 rats (D:1)
24 creatures vanquished.

Vanquished Creatures (others)
  A goblin (D:1)
1 creature vanquished.

Grand Total: 25 creatures vanquished

Notes
Turn   | Place    | Note
--------------------------------------------------------------
     0 | D:1      | Kisielow, the Deep Elf Conjurer, began the quest for the Orb.
     0 | D:1      | Reached XP level 1. HP: 10/10 MP: 6/6
   385 | D:1      | Reached XP level 2. HP: 15/15 MP: 5/7
   397 | D:1      | Learned a level 2 spell: Searing Ray
   435 | D:1      | Reached skill level 5 in Conjurations
  1029 | D:1      | Reached XP level 3. HP: 5/19 MP: 2/8
  1039 | D:1      | Slain by a hobgoblin

Action                   || total
-------------------------++-------
Melee: Unarmed           ||     1
 Cast: Magic Dart        ||    51
